 Dungeon Crawl Stone Soup version 0.29.0-4-gdea44cf6ec (webtiles) character file.

Game seed: 14279934192610898907

79 qw the Chopper (level 4, -2/26 HPs)
             Began as a Tengu Warper on Aug 28, 2022.
             Slain by an orc priest
             ... wielding a +0 hand axe
              (6 damage)
             ... on level 3 of the Dungeon.
             The game lasted 00:00:13 (2196 turns).

qw the Chopper (Tengu Warper)                       Turns: 2196, Time: 00:00:14

Health: -2/26      AC:  6    Str: 11 (13) XL:     4   Next: 37%
Magic:  8/8        EV:  9    Int: 10 (13) God:
Gold:   137        SH:  0    Dex: 12 (14) Spells: 7/7 levels left

rFire   . . .      SeeInvis .   a - +1 hand axe (vamp)
rCold   . . .      Faith    .   (no shield)
rNeg    . . .      Spirit   .   i - +0 scale mail
rPois   .          Reflect  .   (helmet restricted)
rElec   .          Harm     .   (no cloak)
rCorr   .          Rampage  .   (no gloves)
Will    .....                   (boots unavailable)
Stlth   ..........              f - amulet of regeneration
HPRegen 0.88/turn               (no ring)
MPRegen 0.11/turn               (no ring)

@: no status effects
A: beak, talons 3
a: no special abilities


You were on level 3 of the Dungeon.
You visited 1 branch of the dungeon, and saw 3 of its levels.

You collected 163 gold pieces.
You spent 26 gold pieces at shops.


Innate Abilities, Weirdness & Mutations

You have a beak for a mouth.
You have claws for feet.


   Skills:
 - Level 2.0 Fighting
 + Level 4.9 Axes
 - Level 1.0 Throwing
 - Level 1.1 Armour
 - Level 2.1 Dodging
 - Level 2.0 Spellcasting
 - Level 2.4 Translocations


You had 7 spell levels left.
You didn't know any spells.
Your spell library contained the following spells:

 Spells                   Type           Power      Damage    Failure   Level
 Blink                    Tloc           10%        N/A       71%         2
 Gell's Gravitas          Tloc           5%         N/A       91%         3
 Lesser Beckoning         Tloc           5%         N/A       91%         3
 Teleport Other           Tloc           5%         N/A       91%         3
 Manifold Assault         Tloc           5%         N/A       100%        5

Inventory:

Hand Weapons
 a - a +1 vampiric hand axe (weapon)
 g - a +0 flail
Armour
 i - a +0 scale mail (worn)
Jewellery
 f - an amulet of regeneration (around neck)
Scrolls
 d - a scroll of identify
Potions
 b - a potion of invisibility {unknown}
 c - a potion of flight {unknown}
 e - a potion of mutation {unknown}
 k - a potion of brilliance {unknown}
 l - a potion of curing {unknown}

Dungeon Overview and Level Annotations

Branches:
Dungeon (3/15)

Altars:

Shops:
D:1 *(=?


Message History

You closely miss the orc.
The orc is severely wounded.
You hit the orc priest but do no damage.
The orc priest calls upon Beogh to heal the orc.
The orc's wounds heal themselves!
The orc hits you but does no damage.
You barely miss the orc priest. Your kick misses the orc priest.
You hit the orc. The orc priest barely misses you. The orc barely misses you.
You hit the orc. You claw the orc, but do no damage. Your peck misses the orc.
The orc is almost dead.
You hit the orc priest but do no damage.
The orc priest hits you but does no damage.
The orc hits you but does no damage.
You hit the orc.
You kill the orc!
You hit the orc priest.
The orc priest hits you with a +0 hand axe.
You hit the orc priest but do no damage.
Your kick misses the orc priest.
The orc priest hits you with a +0 hand axe.
You hit the orc priest.
You feel better.
The orc priest is lightly wounded.
The orc priest hits you with a +0 hand axe.
You barely miss the orc priest.
The orc priest is lightly wounded.
The orc priest closely misses you.
You closely miss the orc priest.
The orc priest is lightly wounded.
The orc priest barely misses you.
You barely miss the orc priest.
You peck the orc priest, but do no damage.
The orc priest is lightly wounded.
The orc priest hits you but does no damage.
You hit the orc priest but do no damage.
You claw the orc priest.
The orc priest is moderately wounded.
The orc priest invokes the aid of Beogh against you.
Pain shoots through your body!
The orc priest hits you with a +0 hand axe.
You die...

..............#
###...........####
....#............#
###..<#......###.#
##..#.......##.#
#..#.......##.#
#..#........#.# #
##............#.#
...##.......@).#
... .......o)..#
.... ...........#
...........#
...........#
............
.............
..............


You could see an orc priest.

Vanquished Creatures
  An adder (D:2)
  2 worms (D:2)
  A dart slug (D:1)
  4 orcs (D:3)
  5 ball pythons
  4 endoplasms (D:1)
  6 giant cockroaches
  4 goblins
  6 hobgoblins
  4 quokkas
  4 frilled lizards
  8 kobolds
  2 rats (D:2)
51 creatures vanquished.

Vanquished Creatures (others)
  3 plants (D:1)
3 creatures vanquished.

Grand Total: 54 creatures vanquished

Notes
Turn   | Place    | Note
-------+----------+-------------------------------------------
     0 | D:1      | qw the Tengu Warper began the quest for the Orb.
     0 | D:1      | Reached XP level 1. HP: 12/12 MP: 4/4
     0 | D:1      | 0 ||| qw: Version: 0.1-a-89-g26bdef1
     0 | D:1      | 0 ||| qw: Game counter: 3218
     0 | D:1      | 0 ||| qw: Always use a shield: true
     0 | D:1      | 0 ||| qw: God list: Okawaru
     0 | D:1      | 0 ||| qw: Allow faded altars: false
     0 | D:1      | 0 ||| qw: Do Orc after D:15 true
     0 | D:1      | 0 ||| qw: Do second Lair branch before Depths: true
     0 | D:1      | 0 ||| qw: Lair rune preference: random
     0 | D:1      | 0 ||| qw: Plans: Normal
     0 | D:1      | 0 ||| PLANNING D:1-11
    93 | D:1      | 93 ||| Stepping ~*~*~tactically~*~*~ (hiding).
   195 | D:1      | 195 ||| Stepping ~*~*~tactically~*~*~ (hiding).
   203 | D:1      | Reached skill level 3 in Axes
   203 | D:1      | Reached XP level 2. HP: 13/17 MP: 6/6
   308 | D:1      | 308 ||| Stepping ~*~*~tactically~*~*~ (stealth).
   310 | D:1      | 310 ||| Stepping ~*~*~tactically~*~*~ (stealth).
   409 | D:1      | Found Dyrghi's Jewellery Shoppe.
   422 | D:1      | 422 ||| Stepping ~*~*~tactically~*~*~ (stealth).
   504 | D:1      | 504 ||| SHOPLISTING ring of fire (350 gold, have 31).
   504 | D:1      | 504 ||| SHOPLISTING ring of positive energy (280 gold, have
                  | 31).
   504 | D:1      | 504 ||| SHOPLISTING ring of resist corrosion (280 gold,
                  | have 31).
   504 | D:1      | 504 ||| SHOPLISTING ring of see invisible (210 gold, have
                  | 31).
   510 | D:1      | Found Caebrado's Magic Scroll Emporium.
   517 | D:1      | 517 ||| DROPPING +0 club.
   527 | D:1      | 527 ||| SHOPLISTING scroll of enchant armour (97 gold, have
                  | 40).
   527 | D:1      | 527 ||| BUYING scroll of identify (26 gold).
   527 | D:1      | Bought a scroll of identify for 26 gold pieces
   551 | D:1      | Found Mogis's Weapon Shop.
   685 | D:1      | 685 ||| Stepping ~*~*~tactically~*~*~ (stealth).
   686 | D:1      | 686 ||| Stepping ~*~*~tactically~*~*~ (stealth).
   700 | D:1      | Found Beint's Assorted Antiques.
   711 | D:1      | Reached XP level 3. HP: 21/21 MP: 7/7
   717 | D:1      | 717 ||| SHOPLISTING chain mail (135 gold, have 14).
   717 | D:1      | 717 ||| SHOPLISTING murky orange potion (27 gold, have 14).
   717 | D:1      | 717 ||| SHOPLISTING ruby potion (27 gold, have 14).
   717 | D:1      | 717 ||| SHOPLISTING runed chain mail (225 gold, have 14).
   717 | D:1      | 717 ||| SHOPLISTING runed morningstar (210 gold, have 14).
   756 | D:1      | 756 ||| Stepping ~*~*~tactically~*~*~ (stealth).
   757 | D:1      | 757 ||| Stepping ~*~*~tactically~*~*~ (stealth).
   759 | D:1      | 759 ||| Stepping ~*~*~tactically~*~*~ (stealth).
   760 | D:1      | 760 ||| Stepping ~*~*~tactically~*~*~ (stealth).
   762 | D:1      | 762 ||| Stepping ~*~*~tactically~*~*~ (stealth).
   766 | D:1      | 766 ||| Stepping ~*~*~tactically~*~*~ (stealth).
   768 | D:1      | 768 ||| Stepping ~*~*~tactically~*~*~ (stealth).
   783 | D:1      | 783 ||| Stepping ~*~*~tactically~*~*~ (stealth).
   785 | D:1      | 785 ||| Stepping ~*~*~tactically~*~*~ (stealth).
   787 | D:1      | 787 ||| Stepping ~*~*~tactically~*~*~ (stealth).
  1140 | D:1      | Reached skill level 4 in Axes
  1161 | D:1      | 1161 ||| Stepping ~*~*~tactically~*~*~ (stealth).
  1164 | D:1      | 1164 ||| Stepping ~*~*~tactically~*~*~ (stealth).
  1175 | D:1      | 1175 ||| Stepping ~*~*~tactically~*~*~ (stealth).
  1201 | D:1      | 1201 ||| UPGRADING to +0 ring mail.
  1211 | D:1      | 1211 ||| DROPPING +0 leather armour.
  1212 | D:1      | 1212 ||| UPGRADING to +0 scale mail.
  1222 | D:1      | 1222 ||| DROPPING +0 ring mail.
  1223 | D:1      | 1223 ||| UPGRADING to amulet of regeneration.
  1228 | D:1      | 1228 ||| READING scroll labelled OLEMAE WIZEAFE.
  1229 | D:1      | 1229 ||| READING scroll labelled MAUMIS TUILAS.
  1230 | D:1      | 1230 ||| READING scroll labelled ANAAPH HYUGH.
  1231 | D:1      | 1231 ||| DROPPING scroll of blinking.
  1397 | D:2      | 1397 ||| Stepping ~*~*~tactically~*~*~ (stealth).
  1398 | D:2      | 1398 ||| Stepping ~*~*~tactically~*~*~ (stealth).
  1548 | D:2      | 1548 ||| Stepping ~*~*~tactically~*~*~ (stealth).
  1550 | D:2      | 1550 ||| Stepping ~*~*~tactically~*~*~ (stealth).
  1565 | D:2      | Reached XP level 4. HP: 25/26 MP: 8/8
  1597 | D:2      | 1597 ||| Stepping ~*~*~tactically~*~*~ (stealth).
  1599 | D:2      | 1599 ||| Stepping ~*~*~tactically~*~*~ (stealth).
  2099 | D:2      | 2099 ||| READING scroll labelled ZEPERCHU CO EBB.
  2100 | D:2      | 2100 ||| READING scroll labelled XITITE QIJA.
  2104 | D:2      | 2104 ||| DRINKING 2 dark potions.
  2105 | D:2      | 2105 ||| DROPPING potion of degeneration.
  2185 | D:3      | HP: 5/26 [orc/+0 club (3)]
  2190 | D:3      | HP: 6/26 [orc priest/+0 hand axe (3)]
  2196 | D:3      | HP: 4/26 [orc priest/nerve-wracking pain (5)]
  2196 | D:3      | Slain by an orc priest

Levels and vault maps discovered:
D:1:      wander_arrival_lonely_grave, layout_basic, serial_shops,
          nicolae_shop_waterfront, nicolae_shop_stone, shop, shop,
          minmay_misc_feat_four_crosses, serial_bayou_crossing
D:2:      minmay_recursive_quarters, layout_basic, amcnicky_mini_pool_small
D:3:      layout_rooms, uniq_terence

Skill      XL: |  1  2  3 |
---------------+----------+-----
Axes           | 3 4 |  4.9
Fighting       | |  2.0
Throwing       | |  1.0
Armour         | |  1.1
Dodging        | |  2.1
Spellcasting   | |  2.0
Translocations | |  2.4

Action                   |  1- 3 |  4- 6 || total
-------------------------+-------+-------++-------
Melee: Hand axe          |    89 |    34 ||   123
       Kick              |    17 |     8 ||    25
       Peck              |     7 |     4 ||    11
Throw: Boomerang         |     7 |       ||     7
  Use: Scroll            |     3 |     2 ||     5
       Potion            |       |     1 ||     1
Armor: Leather armour    |    11 |       ||    11
       Scale mail        |    15 |    18 ||    33
Dodge: Dodged            |    54 |    15 ||    69

Table legend:
 A = Non-vault XP
 B = Vault XP
 C = Vault XP percentage of total XP
 D = Non-vault monster count
 E = Vault monster count
 F = Vault count percentage of total count
                 A         B        C        D         E       F
            +---------+---------+-------+---------+---------+-------
      Total |      85 |      28 |  24.8 |      41 |      10 |  19.6
            +---------+---------+-------+---------+---------+-------
        D:1 |      53 |       0 |   0.0 |      28 |       0 |   0.0
        D:2 |      20 |      28 |  58.3 |       9 |      10 |  52.6
        D:3 |      12 |       0 |   0.0 |       4 |       0 |   0.0
            +---------+---------+-------+---------+---------+-------
